 Dungeon Crawl Stone Soup version 0.28-a0-1624-g820543e53a (webtiles) character file.

Game seed: 13781169997849456100

75 Clumpoid the Poker (level 4, -6/38 HPs)
             Began as a Ghoul Fighter on Jan 24, 2022.
             Was a Follower of Nemelex Xobeh.
             Mangled by an iguana (10 damage)
             ... on level 2 of the Dungeon.
             The game lasted 00:01:09 (759 turns).

Clumpoid the Poker (Ghoul Fighter)                   Turns: 759, Time: 00:01:09

Health: -6/38      AC:  6    Str: 19    XL:     4   Next: 31%
Magic:  3/3        EV:  9    Int:  5    God:    Nemelex Xobeh [*.....]
Gold:   24         SH:  4    Dex:  8    Spells: 3/3 levels left

rFire   . . .      SeeInvis .   a - +0 trident
rCold   + . .      Faith    .   c - +0 buckler
rNeg    + + +      Spirit   .   b - +0 scale mail
rPois   ∞          Reflect  .   (no helmet)
rElec   .          Harm     .   (no cloak)
rCorr   .          Rampage  .   (no gloves)
Will    .....                   (no boots)
Stlth   ..........              (no amulet)
HPRegen 0.00/turn               (no ring)
MPRegen 0.08/turn               (no ring)

@: mighty, inhibited regen
A: claws 1, cold resistance 1, negative energy resistance 3, inhibited
regeneration, torment resistance 2
a: Renounce Religion, Draw Escape, Draw Destruction, Draw Summoning


You were on level 2 of the Dungeon.
You worshipped Nemelex Xobeh.
Nemelex Xobeh was aware of your devotion.
You visited 1 branch of the dungeon, and saw 2 of its levels.

You collected 24 gold pieces.

Inventory:

Hand Weapons
 a - a +0 trident (weapon)
Armour
 b - a +0 scale mail (worn)
 c - a +0 buckler (worn)
Scrolls
 e - a scroll of blinking {unknown}
 f - a scroll of identify {unknown}
Potions
 d - a potion of might
 g - 2 potions of brilliance {unknown}
 h - a potion of haste


   Skills:
 - Level 3.2 Fighting
 * Level 3.4 Polearms
 + Level 3.3 Armour
 - Level 2.6 Shields


You had 3 spell levels left.
You didn't know any spells.
Your spell library contained the following spells:

 Spells                   Type           Power      Damage    Failure   Level
 Tukima's Dance           Hex            0%         N/A       99%         3
 Passage of Golubria      Tloc           0%         N/A       100%        4
 Yara's Violent Unravell  Hex/Tmut       0%         3d3       100%        5


Dungeon Overview and Level Annotations

Branches:
Dungeon (2/15)

Altars:
Nemelex Xobeh


Innate Abilities, Weirdness & Mutations

You thrive by killing the living.
You are immune to poison.
You have sharp fingernails.
Your flesh is cold resistant. (rC+)
You are immune to negative energy. (rN+++)
You do not regenerate when monsters are visible.
You are immune to unholy pain and torment.


Message History

The kobold hits you with a +2 short sword of draining.
You closely miss the ball python. The iguana barely misses you.
The ball python bites you but does no damage.
The ball python constricts you. The kobold closely misses you.
You closely miss the ball python. The ball python barely misses you.
The ball python constricts you. The iguana bites you!
* * * LOW HITPOINT WARNING * * *
The ball python bites you but does no damage.
The ball python constricts you.
* * * LOW HITPOINT WARNING * * *
The kobold hits you with a +2 short sword of draining.
* * * LOW HITPOINT WARNING * * *
You block the iguana's attack.
You escape the ball python's grasp.
The kobold hits you with a +2 short sword of draining.
* * * LOW HITPOINT WARNING * * *
You feel very mighty all of a sudden. The kobold barely misses you.
You hit the kobold.
You kill the kobold!
Reach: a) +0 trident
Press: ? - help, Dir - move target, f - iguana
Aim: an iguana (moderately wounded, about 42% to evade your +0 trident)
You reach to attack!
You closely miss the iguana.
The iguana is moderately wounded.
The ball python bites you.
* * * LOW HITPOINT WARNING * * *
The ball python grabs you. The ball python constricts you.
You block the ball python's attack. The ball python constricts you.
Reach: a) +0 trident
Press: ? - help, Dir - move target, f/p - iguana
Aim: an iguana (moderately wounded, about 42% to evade your +0 trident)
The ball python is in the way.
You hit the ball python.
You kill the ball python!
You feel better.
You barely miss the iguana.
The iguana is moderately wounded.
The iguana bites you!
You die...
Your body disappears without a glow.

#..8...### ### #
##.8888...### ....##
#..8..888.... .......
##.88....88.# .......
#..8.....8..# .......
##.88....88.# ####...
#...8.8..8..# ###+
###...8888.# #.
#.###.l@8..# #.
#...###...## #.
#..8...###.# #.
##.8888...#.#############.
#.....888...#.............
#.88....88†##.############
..8.....8..#..#
.88....88.##.##
..888..8..#..#


You could see an iguana.

Vanquished Creatures
  Jessica (D:2)
  2 adders (D:2)
  3 endoplasms
  3 giant cockroaches
  6 goblins
  2 hobgoblins
  A jackal (D:2)
  3 ball pythons
  5 bats
  2 kobolds
  3 rats
31 creatures vanquished.

Notes
Turn   | Place    | Note
-------+----------+-------------------------------------------
     0 | D:1      | Clumpoid the Ghoul Fighter began the quest for the Orb.
     0 | D:1      | Reached XP level 1. HP: 19/19 MP: 0/0
    93 | D:1      | Reached XP level 2. HP: 26/26 MP: 1/1
   414 | D:1      | Found a faded altar of an unknown god.
   444 | D:1      | Prayed at the altar of an unknown god.
   444 | D:1      | Became a worshipper of Nemelex Xobeh the Trickster
   444 | D:1      | Reached * piety under Nemelex Xobeh
   502 | D:2      | Reached XP level 3. HP: 28/31 MP: 2/2
   545 | D:2      | Received a gift from Nemelex Xobeh
   578 | D:2      | Noticed Jessica
   585 | D:2      | Killed Jessica
   586 | D:2      | Reached XP level 4. HP: 35/38 MP: 3/3
   759 | D:2      | Mangled by an iguana

Illustrated notes

Levels and vault maps discovered:
D:1:      lemuel_arrival_funnel, layout_basic,
          shapermc_ecumenical_altar_mp_ritualfount
D:2:      minmay_skewed_foursquare, layout_basic, minmay_misc_feat_doors,
          uniq_jessica

Skill      XL: |  1  2  3 |
---------------+----------+-----
Polearms       | 2 3 |  3.4
Armour         | 3 |  3.3
Fighting       | |  3.2
Shields        | |  2.6

Action                   |  1- 3 |  4- 6 || total
-------------------------+-------+-------++-------
Melee: Trident           |    83 |    33 ||   116
  Use: Potion            |       |     1 ||     1
Armor: Scale mail        |    31 |    18 ||    49
Dodge: Dodged            |    30 |    15 ||    45
Block: Buckler           |    14 |     4 ||    18

Table legend: (Time is in decaauts)
 A = Elapsed time spent in this place.
 B = Non-inter-level travel time spent in this place.
 C = Inter-level travel time spent in this place.
 D = Time resting spent in this place.
 E = Time spent auto-exploring this place.
 F = Levels seen in this place.
 G = Mean time per level.
                   A        B        C        D        E       F      G
               +--------+--------+--------+--------+--------+-----+--------+
         Total |    783 |    762 |     21 |      0 |    507 |   2 |  391.5 |
       Dungeon |    783 |    762 |     21 |      0 |    507 |   2 |  391.5 |
               +--------+--------+--------+--------+--------+-----+--------+

Top non-repeatable levels by time:
     D:1: 465 daAuts
     D:2: 317 daAuts
